 Dungeon Crawl Stone Soup version 0.27-a0-25-g087482e4d5 (webtiles) character file.

Game seed: 7840655069222827981

17800 DocSulfur the Covert (level 12, -1/59 HPs)
             Began as a Kobold Enchanter on Jan 3, 2021.
             Was an Elder of Dithmenos.
             Killed from afar by an electric eel (4 damage)
             ... with a bolt of electricity
             ... on level 1 of the Lair of Beasts.
             The game lasted 01:19:10 (15983 turns).

DocSulfur the Covert (Kobold Enchanter)            Turns: 15983, Time: 01:19:11

Health: -1/59      AC:  6    Str:  8    XL:     12   Next: 87%
Magic:  21/28      EV: 22    Int: 16    God:    Dithmenos [****..]
Gold:   602        SH:  0    Dex: 23    Spells: 7/21 levels left

rFire    . . .     SeeInvis .   a - +2 dagger
rCold    . . .     Faith    .   (shield restricted)
rNeg     . . .     Spirit   .   V - +0 robe of Geuc {Str+3 Dex+2}
rPois    .         Reflect  .   T - +1 hat
rElec    .         Harm     .   y - +0 cloak
rCorr    .         Rampage  .   d - +1 pair of gloves
Will     .....                  (no boots)
Stlth    ++++++....             i - amulet of regeneration
HPRegen  0.59/turn              g - ring of stealth
MPRegen  0.21/turn              U - ring of magical power

@: wreathed by umbra, very slow
A: small, nightstalker 3
a: Renounce Religion, Shadow Step


You were on level 1 of the Lair of Beasts.
You worshipped Dithmenos.
Dithmenos was greatly pleased with you.
You visited 3 branches of the dungeon, and saw 13 of its levels.

You collected 798 gold pieces.
You spent 196 gold pieces at shops.

Inventory:

Hand Weapons
 a - a +2 dagger (weapon)
Missiles
 r - 31 poisoned darts (quivered)
 x - 6 curare-tipped darts
 F - 6 silver boomerangs
Armour
 d - a +1 pair of gloves (worn)
 k - a +1 leather armour of cold resistance
 u - a +0 buckler
 y - a +0 cloak (worn)
 J - +0 acid dragon scales
 R - the +0 hat of Adghesodu {rC+ Int+6 Dex-2}
   (You found it on level 11 of the Dungeon)

   It affects your intelligence (+6).
   It affects your dexterity (-2).
   It protects you from cold.
 T - a +1 hat (worn)
 V - the +0 robe of Geuc (worn) {Str+3 Dex+2}
   (You took it off an orc wizard on level 11 of the Dungeon)

   It affects your strength (+3).
   It affects your dexterity (+2).
Jewellery
 g - a ring of stealth (left hand)
 i - an amulet of regeneration (around neck)
 o - a +6 ring of intelligence
 K - an uncursed ring of fire
 U - a ring of magical power (right hand)
Wands
 b - a wand of polymorph (23)
 A - a wand of paralysis (25)
 H - a wand of acid (5)
 M - a wand of digging (14)
 O - a wand of enslavement (14)
 P - a wand of flame (4)
Scrolls
 c - 3 scrolls of fog
 j - 9 scrolls of teleportation
 l - 2 scrolls of immolation
 n - 2 scrolls of magic mapping
 q - a scroll of amnesia
 s - a scroll of brand weapon {unknown}
 t - 6 scrolls of remove curse
 C - a scroll of torment {unknown}
 D - 2 scrolls of fear {unknown}
 E - 2 scrolls of enchant weapon
 G - 3 scrolls of enchant armour
 L - a scroll of holy word {unknown}
 S - a scroll of identify
Potions
 e - a potion of mutation
 f - 6 potions of curing
 h - 3 potions of magic
 m - a potion of haste
 p - a potion of ambrosia
 v - 3 potions of attraction
 w - a potion of flight
 z - 2 potions of cancellation
 B - a potion of berserk rage
 I - 4 potions of heal wounds {unknown}
 N - a potion of might
 Q - a potion of brilliance {unknown}


   Skills:
 - Level 10.0 Short Blades
 - Level 6.0 Throwing
 + Level 7.5 Dodging
 - Level 12.0 Stealth
 + Level 2.7 Shields
 - Level 5.0 Spellcasting
 - Level 4.0 Conjurations
 - Level 10.1 Hexes
 - Level 6.0 Translocations
 - Level 4.0 Ice Magic
 - Level 6.0 Evocations


You had 7 spell levels left.
You knew the following spells:

 Your Spells              Type           Power        Failure   Level
a - Corona                Hex            40%          1%          1
b - Ensorcelled Hibernat  Hex/Ice        52%          1%          2
c - Confusing Touch       Hex            36%          1%          3
d - Tukima's Dance        Hex            36%          1%          3
e - Dazzling Flash        Conj/Hex       52%          2%          3
f - Blink                 Tloc           N/A          1%          2

Your spell library contained the following spells:

 Spells                   Type           Power        Failure   Level
 Slow                     Hex            36%          1%          2
 Freeze                   Ice            64%          3%          1
 Magic Dart               Conj           64%          3%          1
 Frozen Ramparts          Ice            32%          9%          3
 Ozocubu's Armour         Ice            16%          9%          3
 Conjure Flame            Conj/Fire      10%          21%         3
 Call Imp                 Summ           4%           22%         2
 Mephitic Cloud           Conj/Pois/Air  8%           26%         3
 Hailstorm                Conj/Ice       16%          28%         4
 Summon Ice Beast         Ice/Summ       10%          54%         4
 Iskenderun's Battlesphe  Conj           16%          63%         5
 Bolt of Magma            Conj/Fire/Erth 4%           94%         5
 Iron Shot                Conj/Erth      5%           100%        6
 Orb of Destruction       Conj           8%           100%        7
 Spellforged Servitor     Conj/Summ      5%           100%        7


Dungeon Overview and Level Annotations

Branches:
Dungeon (11/15)            Temple (1/1) D:5            Lair (1/6) D:9
    Orc (0/2) D:11

Altars:
Ashenzari
Cheibriados
Dithmenos
Elyvilon
Fedhas
Gozag
Hepliaklqana
Kikubaaqudgha
Makhleb
Nemelex Xobeh
Okawaru
Qazlal
Ru
Sif Muna
Trog
Uskayaw
Vehumet
Wu Jian
Xom
Yredelemnul
Zin
The Shining One

Shops:
D:4 ?

Annotations:
D:3 DocSulfur's ghost, amateur MfTm; paps's ghost, amateur DsMo
D:10 1 runed translucent door, mokwee's ghost, journeyman MiFi
Lair:1 1 runed translucent door, Gastronok


Innate Abilities, Weirdness & Mutations

You are small and have problems with some larger weapons.
You are completely attuned to the shadows.


Message History

Casting: Ensorcelled Hibernation (safe; 1% risk of failure)
Confirm with . or Enter, or press ? or * to list all spells.
Aiming: Ensorcelled Hibernation (safe; 1% risk of failure)
Press: ? - help, Shift-Dir - straight line, f/p - electric eel
Aim: an electric eel (umbra, chance to affect: 64%)
The electric eel resists with significant effort.
The electric eel shoots out a bolt of lightning at you!
The bolt of electricity hits you!
The electric eel shoots out a bolt of lightning at you!
The bolt of electricity hits you!
The electric eel shoots out a bolt of lightning at you!
The bolt of electricity hits you!
* * * LOW HITPOINT WARNING * * *
The electric eel shoots out a bolt of lightning at you!
The bolt of electricity hits the electric eel.
The electric eel completely resists.
The bolt of electricity hits you!
* * * LOW HITPOINT WARNING * * *
The electric eel shoots out a bolt of lightning at you!
The bolt of electricity hits you.
You die...

#♣
≈♣♣≈♣###♣#############
≈≈≈≈♣@≈≈♣.....##.#.#.#
##♣≈≈
♣≈P;;≈♣≈≈≈≈≈..........
≈≈≈≈≈P
≈≈≈≈P≈♣≈≈♣♣♣≈.####....
♣≈≈≈P≈ ≈≈≈≈≈≈P♣≈≈≈♣≈##
#.... ≈≈≈P≈≈
≈≈≈≈≈≈≈≈≈≈P≈≈♣ #....
≈≈≈≈P≈≈ ≈≈≈≈≈≈≈≈≈≈≈≈≈♣
#(... ♣≈≈P≈≈≈
≈≈P≈P≈≈≈♣ .. P≈P≈≈≈≈≈
≈≈≈≈≈≈≈♣≈≈♣ ...
≈≈♣≈P♣≈≈ ≈≈≈≈♣≈≈≈≈♣♣
.....


You could see 2 electric eels.

Vanquished Creatures
  A boulder beetle (D:9)
  A hydra (Lair:1)
  2 two-headed ogres
  Nergalle (D:11)
  2 deep elf magi (D:11)
  Psyche (D:8)
  Maurice (D:8)
  2 centaur zombies
  4 cane toads (Lair:1)
  2 komodo dragons
  A freezing wraith (D:11)
  3 wyverns
  23 yaks
  2 basilisks (Lair:1)
  2 water moccasins
  2 orc warriors
  A sky beast (D:11)
  3 black bears
  5 ice beasts
  A swamp drake (D:11)
  A necrophage (D:5)
  5 wolves (Lair:1)
  5 centaurs
  4 ogres
  A phantom (D:5)
  Blork the orc (D:5)
  9 bullfrogs
  2 big kobolds
  A water moccasin skeleton (D:7)
  2 scorpions
  16 killer bees
  8 wights
  An electric eel (Lair:1)
  A howler monkey (D:5)
  A crimson imp (D:11)
  2 bullfrog zombies
  8 hounds
  4 jellies
  7 orc priests
  Crazy Yiuf (D:5)
  3 bullfrog skeletons
  A quasit (D:9)
  3 centaur skeletons
  An iron imp (D:11)
  12 orc wizards
  4 iguanas
  9 worker ants
  A centaur simulacrum (D:9)
  2 hound zombies (D:5)
  A hound skeleton (D:7)
  2 worker ant zombies
  A gnoll (D:5)
  12 adders
  A shadow imp (D:7)
  3 white imps
  2 ufetubi
  2 oozes
  3 adder skeletons
  2 adder zombies
  3 worms
  6 dart slugs
  10 leopard geckos
  42 orcs
  3 ball pythons
  9 bats
  7 giant cockroaches
  6 goblins
  7 hobgoblins
  12 jackals
  16 kobolds
  2 quokkas
  8 frilled lizards
  A quokka skeleton (D:6)
  3 rats
340 creatures vanquished.

Vanquished Creatures (collateral kills)
  Maggie (D:8)
  An ogre (D:6)
2 creatures vanquished.

Vanquished Creatures (others)
  A shadow imp (D:11)
  2 orcs (D:11)
  3 fungi (Lair:1)
  53 plants (Lair:1)
  A withered plant (D:3)
60 creatures vanquished.

Grand Total: 402 creatures vanquished

Notes
Turn   | Place    | Note
-------+----------+-------------------------------------------
     0 | D:1      | DocSulfur the Kobold Enchanter began the quest for the Orb.
     0 | D:1      | Reached XP level 1. HP: 10/10 MP: 3/3
   113 | D:1      | Reached XP level 2. HP: 15/15 MP: 5/5
   122 | D:1      | Learned a level 2 spell: Ensorcelled Hibernation
   612 | D:1      | Reached skill level 1 in Conjurations
   612 | D:1      | Reached skill level 1 in Ice Magic
   614 | D:1      | Reached XP level 3. HP: 15/19 MP: 6/6
   618 | D:1      | Learned a level 3 spell: Confusing Touch
  1098 | D:2      | Reached XP level 4. HP: 24/24 MP: 3/8
  2069 | D:3      | Learned a level 3 spell: Tukima's Dance
  2374 | D:3      | Reached XP level 5. HP: 11/28 MP: 0/9
  3289 | D:4      | Found Kebumao's Magic Scroll Emporium.
  3294 | D:4      | Bought a scroll of blinking for 105 gold pieces
  3296 | D:4      | Bought a scroll of magic mapping for 49 gold pieces
  3296 | D:4      | Bought a scroll of remove curse for 42 gold pieces
  3530 | D:4      | Reached XP level 6. HP: 25/32 MP: 9/11
  4163 | D:3      | Found a broken altar of Ashenzari.
  4166 | D:3      | Found a radiant altar of Vehumet.
  4169 | D:3      | Found a basalt altar of Yredelemnul.
  4197 | D:3      | Found a runed translucent gate.
  4197 | D:3      | Found a runed translucent gate.
  4197 | D:3      | Found a runed translucent gate.
  4729 | D:3      | Noticed DocSulfur's ghost (amateur MfTm)
  4729 | D:3      | Noticed paps's ghost (amateur DsMo)
  5183 | D:3      | Found an iron altar of Okawaru.
  5183 | D:3      | Found an opulent altar of Gozag.
  5227 | D:5      | Entered Level 5 of the Dungeon
  5391 | D:5      | Found a staircase to the Ecumenical Temple.
  5405 | Temple   | Entered the Ecumenical Temple
  5614 | D:5      | Noticed an ice beast
  5622 | D:5      | Killed an ice beast
  5623 | D:5      | Reached XP level 7. HP: 30/36 MP: 8/13
  5709 | D:5      | Noticed a wyvern
  5992 | Temple   | Reached skill level 5 in Hexes
  6134 | Temple   | Killed a wyvern
  6135 | Temple   | Reached skill level 5 in Stealth
  6517 | D:5      | Noticed Blork the orc
  6528 | D:5      | Killed Blork the orc
  6529 | D:5      | Reached XP level 8. HP: 40/41 MP: 7/14
  6627 | D:5      | Reached skill level 6 in Stealth
  6840 | D:5      | Got a smoking robe
  6850 | D:5      | Identified the +1 robe of Distant Shores {rElec Str+4 Dex+5
                  | Slay-6} (You found it on level 5 of the Dungeon)
  7121 | D:5      | Reached skill level 5 in Short Blades
  7293 | D:5      | Found a runed translucent door.
  7296 | D:5      | Noticed Crazy Yiuf
  7301 | D:5      | Killed Crazy Yiuf
  7302 | D:5      | Reached skill level 7 in Stealth
  7410 | D:6      | Learned a level 3 spell: Dazzling Flash
  7493 | D:6      | Reached XP level 9. HP: 41/45 MP: 9/15
  8931 | D:7      | Reached skill level 1 in Throwing
  9047 | D:7      | Reached skill level 5 in Spellcasting
  9401 | D:7      | Reached XP level 10. HP: 50/50 MP: 17/17
  9529 | D:7      | Found a shadowy altar of Dithmenos.
  9534 | D:7      | Became a worshipper of Dithmenos the Shadowed
 10044 | D:8      | Reached skill level 5 in Throwing
 10044 | D:8      | Noticed Maurice
 10403 | D:8      | Reached * piety under Dithmenos
 10457 | D:8      | Killed Maurice
 10640 | D:8      | Noticed a two-headed ogre
 10644 | D:8      | Killed a two-headed ogre
 10645 | D:8      | Reached skill level 10 in Short Blades
 10645 | D:8      | Reached skill level 8 in Stealth
 10785 | D:8      | Noticed Maggie
 10791 | D:8      | Killed Maggie
 10971 | D:8      | Noticed Psyche
 10972 | D:8      | Killed Psyche
 10973 | D:8      | Reached skill level 9 in Stealth
 10973 | D:8      | Reached XP level 11. HP: 54/54 MP: 18/18
 11356 | D:9      | Reached skill level 1 in Evocations
 11612 | D:9      | Noticed a boulder beetle
 11616 | D:9      | Killed a boulder beetle
 11617 | D:9      | Reached skill level 10 in Stealth
 11649 | D:9      | Reached ** piety under Dithmenos
 11717 | D:9      | Noticed a two-headed ogre
 11721 | D:9      | Killed a two-headed ogre
 11942 | D:9      | Found a staircase to the Lair.
 12259 | D:10     | Entered Level 10 of the Dungeon
 12390 | D:10     | Found a white marble altar of Elyvilon.
 12669 | D:10     | Reached skill level 11 in Stealth
 12669 | D:10     | Reached skill level 5 in Evocations
 12692 | D:10     | Reached skill level 10 in Hexes
 12811 | D:10     | Found a runed translucent door.
 12811 | D:10     | Found a shimmering altar of Xom.
 12811 | D:10     | Noticed mokwee's ghost (journeyman MiFi)
 12812 | D:10     | Noticed a +1 mace of chaos
 12846 | D:10     | Reached *** piety under Dithmenos
 13122 | D:11     | HP: 2/54 [freezing wraith (6)]
 13605 | D:11     | Identified the +0 robe of Geuc {Str+3 Dex+2}
 13724 | D:11     | Noticed a deep elf mage
 13728 | D:11     | Killed a deep elf mage
 13729 | D:11     | Reached XP level 12. HP: 59/59 MP: 19/19
 13738 | D:11     | Reached skill level 12 in Stealth
 13742 | D:11     | Learned a level 2 spell: Blink
 13785 | D:11     | Reached skill level 1 in Translocations
 13837 | D:11     | Identified the cursed +2 spear "Byaz" {elec, rElec Str+3
                  | Dex+3}
 13853 | D:11     | Reached skill level 5 in Dodging
 13860 | D:11     | Noticed Nergalle
 13994 | D:11     | Killed Nergalle
 13994 | D:11     | Reached **** piety under Dithmenos
 14024 | D:11     | Found a staircase to the Orcish Mines.
 14374 | D:11     | Got a warped hat
 14380 | D:11     | Identified the cursed +0 hat of Adghesodu {rC+ Int+6 Dex-2}
                  | (You found it on level 11 of the Dungeon)
 14740 | Lair:1   | Entered Level 1 of the Lair of Beasts
 15014 | Lair:1   | Noticed a four-headed hydra
 15055 | Lair:1   | Reached skill level 5 in Translocations
 15085 | Lair:1   | Reached skill level 1 in Shields
 15242 | Lair:1   | Killed a four-headed hydra
 15396 | Lair:1   | Noticed Gastronok
 15742 | Lair:1   | Found a runed translucent door.
 15983 | Lair:1   | Killed from afar by an electric eel

Illustrated notes

Levels and vault maps discovered:
D:1:      erik_arrival_orb_chamber, layout_basic
D:2:      layout_basic
D:3:      layout_basic, grunt_temple_overflow_diamond,
          nicolae_overflow_hidden_temple, gammafunk_ghost_cemetery
D:4:      minmay_evil_eye, layout_loops_corners, serial_shops, shop,
          nicolae_ossuary_entry_plus, serial_bayou_ford_a
D:5:      layout_loops_ring, temple_fountains,
          minmay_fractal_squares_diagonal_5, uniq_blork_the_orc,
          uniq_crazy_yiuf_cottage
D:6:      cheibrodos_quashed, layout_loops_corners, minmay_starry_boxes
D:7:      layout_rooms, grunt_dithmenos_smoke, minmay_misc_feat_pillars
D:8:      layout_gridville, uniq_maggie, uniq_maurice, uniq_psyche
D:9:      layout_loops_cross, lair_entry_dummy, minmay_bent
D:10:     layout_cave_pools, basic_altar, ebering_ghost_xom, st_stairs_3
D:11:     layout_loops_ring, orc_0_dummy, hangedman_minor_magic, uniq_nergalle
Temple:   eino_temple_rhombus
Lair:1:   gammafunk_indiana_jones, layout_gridlike, serial_bayou,
          serial_bayou_pond_c, serial_bayou_lagoon_a, serial_bayou_pond_d,
          serial_bayou_lake_a, st_stairs_8, uniq_gastronok

Skill      XL: |  1  2  3  4  5  6  7  8  9 10 11 12 |
---------------+-------------------------------------+-----
Conjurations   | 1 2 4 |  4.0
Ice Magic      | 1 2 4 |  4.0
Spellcasting   | 3 4 5 |  5.0
Hexes          | 4 5 7 8 10 | 10.1
Short Blades   | 2 4 5 7 10 | 10.0
Stealth        | 5 7 9 11 12 | 12.0
Throwing       | 2 6 |  6.0
Evocations     | 6 |  6.0
Dodging        | 3 7 |  7.5
Translocations | 6 |  6.0
Shields        | 2 |  2.7

Action                   |  1- 3 |  4- 6 |  7- 9 | 10-12 || total
-------------------------+-------+-------+-------+-------++-------
Melee: Dagger            |    84 |   191 |   281 |   464 ||  1020
Throw: Dart              |       |       |       |     6 ||     6
 Cast: Corona            |     7 |    19 |     5 |    10 ||    41
       Ensorcelled Hiber |     2 |    13 |    21 |    96 ||   132
       Confusing Touch   |       |     2 |    35 |    23 ||    60
       Tukima's Dance    |       |       |     5 |     3 ||     8
       Dazzling Flash    |       |       |     5 |    29 ||    34
       Blink             |       |       |       |     2 ||     2
Invok: Shadow Step       |       |       |       |     1 ||     1
Evoke: Wand              |       |       |       |     3 ||     3
  Use: Scroll            |       |     8 |     9 |     5 ||    22
       Potion            |       |     1 |     2 |     1 ||     4
 Stab: Sleeping          |    12 |    29 |    41 |   104 ||   186
       Confused          |       |     3 |    33 |    25 ||    61
       Distracted        |       |       |     1 |     1 ||     2
       Invisible         |       |       |     6 |    36 ||    42
Armor: Robe              |    13 |     5 |       |     2 ||    20
       Leather armour    |       |    42 |    46 |    69 ||   157
Dodge: Dodged            |    79 |   136 |   161 |   298 ||   674

Table legend: (Time is in decaauts)
 A = Elapsed time spent in this place.
 B = Non-inter-level travel time spent in this place.
 C = Inter-level travel time spent in this place.
 D = Time resting spent in this place.
 E = Time spent auto-exploring this place.
 F = Levels seen in this place.
 G = Mean time per level.
                   A        B        C        D        E       F      G
               +--------+--------+--------+--------+--------+-----+--------+
         Total |  15716 |  14981 |    735 |   1233 |   9092 |  13 | 1208.9 |
       Dungeon |  13841 |  13166 |    675 |    713 |   8595 |  11 | 1258.3 |
        Temple |    618 |    588 |     30 |    300 |    245 |   1 |  618.0 |
          Lair |   1256 |   1226 |     30 |    220 |    252 |   1 | 1256.0 |
               +--------+--------+--------+--------+--------+-----+--------+

Top non-repeatable levels by time:
     D:4: 1836 daAuts
     D:5: 1536 daAuts
     D:6: 1418 daAuts
     D:8: 1319 daAuts
    D:11: 1308 daAuts
     D:3: 1298 daAuts
  Lair:1: 1256 daAuts
     D:9: 1127 daAuts
     D:2: 1092 daAuts
    D:10: 1029 daAuts
     D:1: 998 daAuts
     D:7: 876 daAuts
  Temple: 618 daAuts
